 Dungeon Crawl Stone Soup version 0.29-a0-1033-gb6c65ffae6 (webtiles) character file.

Game seed: 12223197377499644863

42 funkygono the Magician (level 3, 0/20 HPs)
             Began as a Deep Elf Air Elementalist on Aug 14, 2022.
             Succumbed to an adder's poison
             ... on level 1 of the Dungeon.
             The game lasted 00:02:40 (1594 turns).

funkygono the Magician (Deep Elf Air Elementalist)  Turns: 1594, Time: 00:02:41

Health: 0/20       AC:  2    Str:  5    XL:     3   Next: 33%
Magic:  4/10       EV: 12    Int: 21    God:
Gold:   78         SH:  0    Dex: 15    Spells: 6/9 levels left

rFire   . . .      SeeInvis .   c - +0 dagger
rCold   . . .      Faith    .   (no shield)
rNeg    . . .      Spirit   .   a - +0 robe
rPois   .          Reflect  .   (no helmet)
rElec   .          Harm     .   (no cloak)
rCorr   .          Rampage  .   (no gloves)
Will    .....                   (no boots)
Stlth   ++........              (no amulet)
HPRegen 0.06/turn               (no ring)
MPRegen 0.12/turn               (no ring)

@: lethally poisoned (0 -> -1)
A: no striking features
a: no special abilities


You were on level 1 of the Dungeon.
You visited 1 branch of the dungeon, and saw 2 of its levels.

You collected 78 gold pieces.

Inventory:

Hand Weapons
 c - a +0 dagger (weapon)
Armour
 a - a +0 robe (worn)
Scrolls
 d - a scroll of teleportation {unknown}
 g - a scroll of silence {unknown}
Potions
 b - a potion of magic
 e - a potion of lignification
 f - 2 potions of haste {unknown}


   Skills:
 * Level 0.5 Fighting
 + Level 2.4 Dodging
 + Level 2.6 Stealth
 * Level 3.9 Spellcasting
 * Level 1.5 Conjurations
 * Level 3.4 Air Magic


You had 6 spell levels left.
You knew the following spells:

 Your Spells              Type           Power      Damage    Failure   Level
a - Shock                 Conj/Air       56%        1d6       4%          1
b - Static Discharge      Conj/Air       14%        3-5/arc   6%          2

Your spell library contained the following spells:

 Spells                   Type           Power      Damage    Failure   Level
 Swiftness                Air            18%        N/A       9%          3
 Dazzling Flash           Conj/Hex       14%        N/A       26%         3
 Airstrike                Air            9%         2d(2-18)  28%         4
 Iskenderun's Mystic Bla  Conj/Tloc      7%         2d4       65%         4
 Starburst                Conj/Fire      3%         6d3       100%        6


Dungeon Overview and Level Annotations

Branches:
Dungeon (2/15)

Altars:


Message History

Aim: an adder (moderately wounded, 53% to hit)
The zap misses the adder.
The zap hits the adder.
The adder is almost dead.
The zap misses the goblin.
A kobold comes into view. It is wielding a +0 short sword.
The adder attacks as you move away! The adder barely misses you.
The adder attacks as you move away! The adder bites you.
The adder attacks as you move away! The adder misses you.
The jackal misses you. The adder bites you but does no damage.
The jackal bites you. The jackal attacks as you move away!
The jackal barely misses you.
The jackal stops to sniff the ground.
The jackal bites you. The jackal attacks as you move away!
The jackal bites you but does no damage.
The jackal closely misses you. The jackal attacks as you move away!
The jackal closely misses you. The adder attacks as you move away!
The adder bites you.
You are poisoned.
The adder poisons you!
You feel sick. The jackal bites you.
You see here an adder corpse.
You feel sick. The adder bites you.
* * * LOW HITPOINT WARNING * * *
There is a stone staircase leading up here.
* * * LOW HITPOINT WARNING * * *
You feel sick. The adder completely misses you. The jackal bites you.
* * * LOW HITPOINT WARNING * * *
You climb upwards.
* * * LOW HITPOINT WARNING * * *
You feel sick.
There is a stone staircase leading down here.
You see here a +0 club.
Casting: Shock (safe; 4% risk of failure)
Confirm with . or Enter, or press ? or * to list all spells.
Aiming: Shock (safe; 4% risk of failure)
Press: ? - help, Shift-Dir - straight line, f - adder
Aim: an adder (almost dead, 53% to hit)
The zap hits the adder.
You kill the adder!
You die...

##.######## #.##.# #.#
####.##.# #.#
#.......# #.#
#.###.#.# #.# #.#
#.#.# #.# ######.#
#.#.# #.# ####......#
#.#.# ##.# #.....†.###
#.#.# ...# #.##.##@#
#[#.# ####
#.##.##.#####.#.# #
#.##.##.......#.## #
#.##.##..######..### #
#.##.##..# #....# #
#........# ##.#.# #
####.###.# #.#.# #
######.###.#######.#.#
##
#..................#.#


There were no monsters in sight!

Vanquished Creatures
  2 adders
  2 dart slugs (D:1)
  5 endoplasms
  A giant cockroach (D:1)
  A goblin (D:1)
  3 jackals
  5 ball pythons
  2 bats
  4 kobolds
  3 rats (D:1)
28 creatures vanquished.

Notes
Turn   | Place    | Note
-------+----------+-------------------------------------------
     0 | D:1      | funkygono the Deep Elf Air Elementalist began the quest for
                  | the Orb.
     0 | D:1      | Reached XP level 1. HP: 10/10 MP: 6/6
   315 | D:1      | Reached XP level 2. HP: 15/15 MP: 2/8
   401 | D:1      | Found a faded altar of an unknown god.
  1324 | D:1      | Learned a level 2 spell: Static Discharge
  1435 | D:2      | Reached XP level 3. HP: 18/20 MP: 0/10
  1593 | D:1      | HP: 1/20 [poisoned by an adder]
  1594 | D:1      | Succumbed to an adder's poison

Illustrated notes

Levels and vault maps discovered:
D:1:      nzn_arrival_depleted_hourglass, layout_loops_ring,
          hellmonk_ecumenical_altar_prayer_group
D:2:      layout_loops_cross, minivault_26, minmay_pentomino_w4

Action                   || total
-------------------------++-------
Melee: Unarmed           ||     3
 Cast: Shock             ||    61
       Static Discharge  ||     3
  Use: Scroll            ||     1
Armor: Robe              ||     2
Dodge: Dodged            ||    31

Table legend: (Time is in decaauts)
 A = Elapsed time spent in this place.
 B = Non-inter-level travel time spent in this place.
 C = Inter-level travel time spent in this place.
 D = Time resting spent in this place.
 E = Time spent auto-exploring this place.
 F = Levels seen in this place.
 G = Mean time per level.
                   A        B        C        D        E       F      G
               +--------+--------+--------+--------+--------+-----+--------+
         Total |   1596 |   1565 |     31 |      0 |   1408 |   2 |  798.0 |
       Dungeon |   1596 |   1565 |     31 |      0 |   1408 |   2 |  798.0 |
               +--------+--------+--------+--------+--------+-----+--------+

Top non-repeatable levels by time:
     D:1: 1346 daAuts
     D:2: 250 daAuts
